 Dungeon Crawl Stone Soup version 0.20.1-1-g8b1a95d (webtiles) character file.

61 Gargoyl the Skirmisher (level 3, -1/34 HPs)
             Began as a Minotaur Abyssal Knight on July 10, 2017.
             Was a Follower of Lugonu.
             Killed by divine providence
             ... invoked by an orc priest
              (12 damage)
             ... on level 2 of the Dungeon.
             The game lasted 00:02:39 (1496 turns).

Gargoyl the Skirmisher (Minotaur Abyssal Knight)    Turns: 1496, Time: 00:02:40

Health: -1/34      AC:  7    Str: 16    XL:     3   Next: 83%
Magic:  3/3        EV: 11    Int:  9    God:    Lugonu [*.....]
Gold:   65         SH:  0    Dex: 10    Spells: 2/2 levels left

rFire    + . .     SeeInvis .   a - +2 hand axe
rCold    + . .     Gourm    .   (no shield)
rNeg     . . .     Faith    .   b - +1 leather armour
rPois    +         Spirit   .   (helmet restricted)
rElec    +         Reflect  .   (no cloak)
rCorr    +         Harm     .   k - +2 pair of gloves
MR       .....                  (no boots)
Stlth    +.........             (no amulet)
Regen    0.2/turn               (no ring)
MPRegen  0.1/turn               (no ring)

@: resistant
A: retaliatory headbutt, horns 2
a: Depart the Abyss, Renounce Religion


You were on level 2 of the Dungeon.
You worshipped Lugonu.
Lugonu was aware of your devotion.
You were not hungry.

You visited 1 branch of the dungeon, and saw 2 of its levels.
You visited the Abyss 1 time.

You collected 65 gold pieces.

Inventory:

Hand Weapons
 a - a +2 hand axe (weapon)
Missiles
 m - 5 tomahawks (quivered)
Armour
 b - a +1 leather armour (worn)
 h - a +0 scale mail
 k - a +2 pair of gloves (worn)
Jewellery
 p - an uncursed ring of protection from cold
Scrolls
 f - a scroll of identify
Potions
 d - a potion of mutation
 e - a potion of brilliance
Comestibles
 c - a bread ration
 g - a royal jelly
 j - 6 chunks of flesh


   Skills:
 + Level 4.5 Fighting
 + Level 3.1 Axes
 * Level 3.0 Armour
 + Level 1.3 Dodging
 * Level 2.4 Invocations


You had 2 spell levels left.
You didn't know any spells.

Dungeon Overview and Level Annotations

Branches:
Dungeon (2/15)

Altars:


Innate Abilities, Weirdness & Mutations

You reflexively headbutt those who attack you in melee.
You have a pair of horns on your head.


Message History

It was a potion of resistance.
You feel protected.
The orc priest mumbles some strange prayers to Beogh against you.
Beogh smites you!
* * * LOW HITPOINT WARNING * * *
You feel better.
The orc priest hits you but does no damage.
You hit the orc priest.
The orc priest is heavily wounded.
The orc priest hits you with a dagger.
* * * LOW HITPOINT WARNING * * *
You hit the orc priest but do no damage.
The orc priest is heavily wounded.
The orc priest closely misses you.
You hit the orc priest.
You headbutt the orc priest, but do no damage.
The orc priest is almost dead.
The orc priest mumbles some strange prayers to Beogh against you.
Beogh smites you!
You die...

#.....#
#.#.###.#
##...##
#.......#
###.###..#
#..###..#
....<....#
#..# #..#
###..##.##
#..# #.<#
.........##
#.......#
.#######..#
####.####
#o ##o## #.
#. #@)## #
#.
#...####. #
#...'......
#...####...
#).## #.##
#)# #.#
........#


You could see an orc priest.

Vanquished Creatures
  An orc wizard (D:2)
  2 dart slugs (D:1)
  A leopard gecko (D:1)
  An orc (D:2)
  2 giant cockroaches (D:1)
  4 goblins
  5 hobgoblins (D:1)
  3 bats (D:1)
  5 frilled lizards
  A kobold (D:1)
  3 rats (D:1)
28 creatures vanquished.

Notes
Turn   | Place    | Note
-------+----------+-------------------------------------------
     0 | Abyss:1  | Gargoyl the Minotaur Abyssal Knight began the quest for the Orb.
     0 | Abyss:1  | Reached XP level 1. HP: 19/19 MP: 1/1
   152 | Abyss:2  | Noticed a raiju
   153 | D:1      | Escaped the Abyss
   200 | D:1      | Reached skill level 4 in Fighting
   435 | D:1      | Reached XP level 2. HP: 21/27 MP: 2/2
   445 | D:1      | Reached * piety under Lugonu
  1251 | D:1      | Reached XP level 3. HP: 33/34 MP: 3/3
  1496 | D:2      | Killed from afar by an orc priest

Skill      XL: |  1  2  3 |
---------------+----------+-----
Fighting       | 4 |  4.5
Invocations    | 2 |  2.4
Axes           | 3 |  3.1
Armour         | 3 |  3.0
Dodging        | |  1.3

Action                   || total
-------------------------++-------
Melee: Hand axe          ||    61
       Headbutt          ||     3
Invok: Depart the Abyss  ||     1
  Use: Scroll            ||     9
       Potion            ||     3
  Eat: Chunk             ||     2
Armor: Leather armour    ||    23
Dodge: Dodged            ||    43
